 Dungeon Crawl Stone Soup version 0.29-a0-298-g3c90f9a769 (webtiles) character file.

Game seed: 7411885368170933227

171 Ijustatesigmund the Cudgeller (level 5, -4/32 HPs)
             Began as a Gargoyle Monk on Mar 23, 2022.
             Frozen to death by an endoplasm (5 damage)
             ... in a sewer.
             The game lasted 00:04:24 (2709 turns).

Ijustatesigmund the Cudgeller (Gargoyle Monk)       Turns: 2709, Time: 00:04:24

Health: -4/32      AC:  9    Str: 14    XL:     5   Next: 51%
Magic:  5/5        EV: 11    Int: 13    God:
Gold:   114        SH:  0    Dex: 12    Spells: 4/4 levels left

rFire   . . .      SeeInvis .   a - +0 mace
rCold   . . .      Faith    .   (no shield)
rNeg    + . .      Spirit   .   b - +0 ring mail
rPois   ∞          Reflect  .   (no helmet)
rElec   +          Harm     .   (no cloak)
rCorr   .          Rampage  .   (no gloves)
Will    .....                   (no boots)
Stlth   +.........              (no amulet)
HPRegen 0.10/turn               (no ring)
MPRegen 0.09/turn               (no ring)

@: brilliant
A: sickness immunity, AC +4, negative energy resistance 1, electricity
resistance, torment resistance 1, petrification resistance
a: no special abilities


You were in a sewer.
You visited 1 branch of the dungeon, and saw 3 of its levels.
You also visited: Sewer.

You collected 114 gold pieces.

Inventory:

Hand Weapons
 a - a +0 mace (weapon)
Armour
 b - a +0 ring mail (worn)


   Skills:
 - Level 3.2 Fighting
 + Level 4.7 Maces & Flails
 + Level 3.8 Armour
 - Level 2.4 Dodging
 - Level 2.1 Stealth


You had 4 spell levels left.
You didn't know any spells.
Your spell library was empty.

Dungeon Overview and Level Annotations

Branches:
Dungeon (3/15)              Sewer (1/1)

Altars:

Annotations:
D:2 1 runed translucent door, Crazy Yiuf


Innate Abilities, Weirdness & Mutations

You are immune to sickness and miasma.
Your stone body is resilient. (AC +4)
You are immune to poison.
You resist negative energy. (rN+)
You are resistant to electric shocks. (rElec)
You are resistant to unholy torment.
You are immune to petrification.


Message History

You hit the ball python.
The ball python is moderately wounded.
The ball python bites you but does no damage.
The ball python constricts you. The endoplasm freezes you.
You are frozen.
The ball python bites you but does no damage.
The ball python constricts you.
Okay, then.
You hit the ball python.
You kill the ball python!
The endoplasm freezes you.
You are frozen.
You hit the endoplasm.
The endoplasm is lightly wounded.
The endoplasm hits you but does no damage.
The endoplasm freezes you.
You are frozen.
* * * LOW HITPOINT WARNING * * *
It was a potion of brilliance.
You feel clever all of a sudden.
The endoplasm hits you but does no damage. x2
You barely miss the endoplasm.
The endoplasm is lightly wounded.
The endoplasm hits you.
* * * LOW HITPOINT WARNING * * *
The endoplasm freezes you.
You are frozen.
* * * LOW HITPOINT WARNING * * *
As you read the scroll of teleportation, it crumbles to dust.
You feel strangely unstable.
The endoplasm splashes around in the water.
The endoplasm hits you.
* * * LOW HITPOINT WARNING * * *
Your surroundings suddenly seem different.
An endoplasm comes into view.
The endoplasm quivers.
The endoplasm freezes you.
You are frozen.
You die...

#.≈####..# #≈≈#
#...≈..≈.# #..#
#.≈....≈≈# #..#
########## #.≈#
#### ##..# ##≈..#
#JJ≈# #...≈ #≈≈##
#≈≈# ≈.≈# #@J#
≈≈≈.# #≈.≈≈..#
...≈## #≈≈≈..≈≈.#
≈.≈###
≈..≈..###≈≈≈..≈≈#
≈.≈≈.# #.≈.≈≈#
≈##.. #...≈ #≈
≈≈.. #≈ .≈≈


You could see an endoplasm.

Vanquished Creatures
  Natasha (thrice) (D:2)
  A gnoll (D:2)
  An adder (Sewer)
  A river rat (D:3)
  4 dart slugs
  7 endoplasms
  4 giant cockroaches
  2 goblins (D:2)
  4 hobgoblins
  3 jackals (D:1)
  6 quokkas
  9 ball pythons
  3 bats
  10 frilled lizards
  3 kobolds
  7 rats
68 creatures vanquished.

Vanquished Creatures (others)
  A demonic plant (D:1)
  2 fungi (D:1)
  A plant (D:1)
  A withered plant (D:1)
5 creatures vanquished.

Grand Total: 73 creatures vanquished

Notes
Turn   | Place    | Note
-------+----------+-------------------------------------------
     0 | D:1      | Ijustatesigmund the Gargoyle Monk began the quest for the
                  | Orb.
     0 | D:1      | Reached XP level 1. HP: 14/14 MP: 1/1
   107 | D:1      | Reached skill level 1 in Armour
   108 | D:1      | Reached XP level 2. HP: 18/19 MP: 2/2
   595 | D:1      | Found a faded altar of an unknown god.
   785 | D:1      | Reached XP level 3. HP: 23/23 MP: 3/3
  1404 | D:2      | Noticed Natasha
  1414 | D:2      | Killed Natasha
  1415 | D:2      | Reached skill level 4 in Maces & Flails
  1415 | D:2      | Reached XP level 4. HP: 13/28 MP: 4/4
  1527 | D:2      | Noticed Natasha
  1568 | D:2      | Killed Natasha
  1570 | D:2      | Noticed Natasha
  1586 | D:2      | Killed Natasha
  1587 | D:2      | Reached XP level 5. HP: 25/32 MP: 5/5
  1858 | D:2      | Found a runed translucent door.
  1859 | D:2      | Noticed Crazy Yiuf
  2120 | D:3      | Found a glowing drain.
  2146 | Sewer    | Entered a sewer
  2707 | Sewer    | HP: 1/32 [endoplasm (2)]
  2709 | Sewer    | Frozen to death by an endoplasm

Illustrated notes

Levels and vault maps discovered:
D:1:      saegor_arrival_simple_c, layout_rooms, shapermc_ecumenical_altar_gd,
          minivault_27
D:2:      layout_rooms, uniq_crazy_yiuf_cottage, uniq_natasha
D:3:      layout_loops_ring, serial_shops, nicolae_shop_hallway_stairs,
          gup_sewer_entry_bubbles, minmay_misc_feat_roman, uniq_robin
Sewer:    sewer_hellmonk_slimy_pipes

Skill      XL: |  1  2  3  4 |
---------------+-------------+-----
Armour         | 1 2 3 |  3.8
Maces & Flails | 4 |  4.7
Fighting       | |  3.2
Dodging        | |  2.4
Stealth        | |  2.1

Action                   |  1- 3 |  4- 6 || total
-------------------------+-------+-------++-------
Melee: Mace              |   163 |   134 ||   297
  Use: Scroll            |     4 |     3 ||     7
       Potion            |       |     2 ||     2
Armor: Ring mail         |    72 |    57 ||   129
Dodge: Dodged            |   103 |    68 ||   171

Table legend: (Time is in decaauts)
 A = Elapsed time spent in this place.
 B = Non-inter-level travel time spent in this place.
 C = Inter-level travel time spent in this place.
 D = Time resting spent in this place.
 E = Time spent auto-exploring this place.
 F = Levels seen in this place.
 G = Mean time per level.
                   A        B        C        D        E       F      G
               +--------+--------+--------+--------+--------+-----+--------+
         Total |   2801 |   2717 |     84 |    709 |   1329 |   4 |  700.2 |
       Dungeon |   2225 |   2141 |     84 |    286 |   1256 |   3 |  741.7 |
         Sewer |    575 |    575 |      0 |    423 |     72 |   1 |  575.0 |
               +--------+--------+--------+--------+--------+-----+--------+

Top non-repeatable levels by time:
     D:1: 1110 daAuts
     D:2: 963 daAuts
   Sewer: 575 daAuts
     D:3: 151 daAuts
